 Dungeon Crawl Stone Soup version 0.31-a0-321-g19405a7a6a (webtiles) character file.

Game seed: 8395684788389318919

1155 ytrimaz the Reanimator (level 8, -5/52 HPs)
             Began as a Mummy Necromancer on July 18, 2023.
             Killed by divine providence
             ... invoked by an orc priest
              (11 damage)
             ... on level 6 of the Dungeon.
             The game lasted 00:06:27 (5282 turns).

ytrimaz the Reanimator (Mummy Necromancer)          Turns: 5282, Time: 00:06:27

Health: -5/52      AC:  4    Str: 11    XL:     8   Next: 16%
Magic:  0/18       EV: 12    Int: 16    God:
Gold:   66         SH:  0    Dex: 13    Spells: 13/21 levels left

rFire   x . .        m - +11 mace "Japn" {flame, Fragile rPois rN+}
rCold   + . .        (no shield)
rNeg    + + +        a - +1 robe
rPois   ∞            (no helmet)
rElec   .            (no cloak)
rCorr   .            (no gloves)
SInv    .            e - +0 pair of boots
Will    +....        (no amulet)
Stlth   ++           k - ring of wizardry
HPRegen 0.28/turn    (no ring)
MPRegen 0.16/turn

%: faith, wizardry (x1)
@: no status effects
A: cold resistance 1, negative energy resistance 3, torment resistance 2, heat
vulnerability 1, in touch with death 1, no potions, faith
a: no special abilities


You were on level 6 of the Dungeon.
You visited 1 branch of the dungeon, and saw 6 of its levels.

You collected 312 gold pieces.
You spent 246 gold pieces at shops.


Innate Abilities, Weirdness & Mutations

You are immune to poison.
Your flesh is cold resistant. (rC+)
You are immune to negative energy. (rN+++)
You are immune to unholy pain and torment.
You are vulnerable to heat. (rF-)
You are in touch with the powers of death.
You do not drink.
You have a special connection with the divine. (Faith)


   Skills:
 - Level 1.5 Dodging
 - Level 1.5 Stealth
 + Level 7.2 Spellcasting
 * Level 8.9 Necromancy


You had 13 spell levels left.
You knew the following spells:

 Your Spells              Type           Power      Damage    Failure   Level
a - Necrotise             Necr           100%       1d9       1%          1
b - Vampiric Draining     Necr           51%        2d9       1%          3
c - Animate Dead          Necr           51%        N/A       1%          4

Your spell library contained the following spells:

 Spells                   Type           Power      Damage    Failure   Level
 Agony                    Necr           51%        N/A       3%          5
 Passage of Golubria      Tloc           5%         N/A       43%         4
 Silence                  Hex/Air        2%         N/A       77%         5
 Lehudib's Crystal Spear  Conj/Erth      2%         10d2      100%        8

Inventory:

Hand Weapons
 b - a +2 short sword of draining
   (You took it off an orc on level 3 of the Dungeon)
 d - a +2 dagger of speed
   (You took it off a goblin on level 1 of the Dungeon)
 m - the +11 mace "Japn" (weapon) {flame, Fragile rPois rN+}
   (You bought it in a shop on level 4 of the Dungeon)

   rPois:     It protects you from poison.
   rN:        It protects you from negative energy.
   Fragile:   It will be destroyed if unequipped.
Armour
 a - a +1 robe (worn)
 e - a +0 pair of boots (worn)
   (You found it on level 4 of the Dungeon)
Jewellery
 k - a ring of wizardry (left hand)
   (You found it on level 4 of the Dungeon)
Wands
 l - a wand of iceblast (11)
   (You found it on level 4 of the Dungeon)
Scrolls
 c - a scroll of noise
 f - a scroll of teleportation
 g - 2 scrolls of fear
 h - 2 scrolls of poison
 i - 2 scrolls of silence
 j - a scroll of enchant armour
 o - a scroll of torment {unknown}

Dungeon Overview and Level Annotations

Branches:
Dungeon (6/15) Zot: 26767
 Temple: D:4-7

Altars:
Gozag
Makhleb
Ru
Trog

Shops:
D:4 (*[(   D:6 (

Annotations:
D:6 Edmund

.....########
..)....?....#
............#
............# ...#
..∩.........# ...#
.∩∩∩........# ....#
..∩........Z####....#
....>.....)@........#
...........o@.......#
.....#+#####........#
..... #.†......#
..... #.......?# ..
#........# #).......#
#........# #.........
#........#


You could see Edmund (ally target), an orc priest and a friendly orc skeleton.


Message History

[Y]es or [N]o only, please.
Really fire in your orc skeleton's direction?
Okay, then.
The orc priest begins to cast a cantrip, but forgets the words!
Your orc skeleton hits Edmund but does no damage.
Casting: Necrotise (safe; 1% risk of failure)
Confirm with . or Enter, or press ? or * to list all spells.
Aiming: Vampiric Draining (safe; 1% risk of failure)
Press: ? - help, Shift-Dir - straight line, f - Edmund, p - orc priest
Aim: Edmund, wielding a +2 dire flail of protection and wearing a +0 chain mail (ally target)
You feel a surge of power!
You draw life force from Edmund.
The orc priest hits your orc skeleton with a +0 short sword.
Edmund hits you with a +2 dire flail of protection!
Your orc skeleton hits the orc priest but does no damage.
Your orc skeleton closely misses Edmund. 😕 HP[-7] MP[-3]
You take 7 damage, and now have 45/52 hp.
You lost 3 mp, and now have 9/18 mp.
Casting: Vampiric Draining (safe; 1% risk of failure)
Confirm with . or Enter, or press ? or * to list all spells.
Aiming: Vampiric Draining (safe; 1% risk of failure)
Press: ? - help, Shift-Dir - straight line, f/p - Edmund
Aim: Edmund, wielding a +2 dire flail of protection and wearing a +0 chain mail (lightly wounded, ally target)
You feel a surge of power!
You draw life force from Edmund!
You feel life coursing into your body.
The orc priest hits your orc skeleton with a +0 short sword.
Your orc skeleton is destroyed!
Edmund hits you with a +2 dire flail of protection.
Your orc skeleton barely misses Edmund.
Your orc skeleton hits Edmund but does no damage. 😕 HP[-1] MP[-3]
You take 1 damage, and now have 44/52 hp.
You lost 3 mp, and now have 6/18 mp.
Casting: Vampiric Draining (safe; 1% risk of failure)
Confirm with . or Enter, or press ? or * to list all spells.
Aiming: Vampiric Draining (safe; 1% risk of failure)
Press: ? - help, Shift-Dir - straight line, f/p - Edmund
Aim: Edmund, wielding a +2 dire flail of protection and wearing a +0 chain mail (moderately wounded, ally target)
You feel a surge of power!
You draw life force from Edmund!
You feel life coursing into your body.
Edmund hits you with a +2 dire flail of protection!
Your orc skeleton hits Edmund but does no damage. 😮 HP[-11] MP[-3]
You take 11 damage, and now have 33/52 hp.
MASSIVE DAMAGE!! (PAUSE)
You lost 3 mp, and now have 3/18 mp.
Aiming: Necrotise (safe; 1% risk of failure)
Press: ? - help, Q - select action, (/) - cycle Shift-Dir - straight line, f/p - Edmund
Aim: Edmund, wielding a +2 dire flail of protection and wearing a +0 chain mail (heavily wounded, ally target, chance to affect: 83%)
You feel a surge of power!
Edmund barely resists.
The orc priest hits you with a +0 short sword.
Edmund hits you with a +2 dire flail of protection!
* * * LOW HITPOINT WARNING * * *
Your orc skeleton hits Edmund but does no damage.
Your orc skeleton barely misses Edmund. 😨 HP[-13] MP[-1]
You take 13 damage, and now have 20/52 hp.
MASSIVE DAMAGE!! (PAUSE)
You lost 1 mp, and now have 2/18 mp.
You barely miss the orc priest. Edmund barely misses your orc skeleton.
The orc priest barely misses you.
Your orc skeleton hits Edmund but does no damage.
Your orc skeleton barely misses Edmund.
The orc priest looks braver for a moment.
Edmund hits your orc skeleton with a +2 dire flail of protection!
Your orc skeleton is destroyed!
Edmund shouts! 😨 MP[+1]
Aiming: Necrotise (safe; 1% risk of failure)
Press: ? - help, Q - select action, (/) - cycle Shift-Dir - straight line, f/p - Edmund
Aim: Edmund, wielding a +2 dire flail of protection and wearing a +0 chain mail (heavily wounded, ally target, chance to affect: 83%)
You feel a surge of power!
Edmund writhes in agony.
The orc priest hits you with a +0 short sword.
* * * LOW HITPOINT WARNING * * *
Your orc skeleton barely misses Edmund.
Edmund hits you with a +2 dire flail of protection.
* * * LOW HITPOINT WARNING * * *
😨 HP[-6] MP[-1]
You take 6 damage, and now have 14/52 hp.
You lost 1 mp, and now have 2/18 mp.
Unknown command.
Aiming: Necrotise (safe; 1% risk of failure)
Press: ? - help, Q - select action, (/) - cycle Shift-Dir - straight line, f/p - Edmund
Aim: Edmund, wielding a +2 dire flail of protection and wearing a +0 chain mail (heavily wounded, ally target, chance to affect: 83%)
You feel a surge of power!
Edmund writhes in agony!
The orc priest hits you with a +0 short sword.
* * * LOW HITPOINT WARNING * * *
Edmund hits you with a +2 dire flail of protection.
* * * LOW HITPOINT WARNING * * *
😱 HP[-8] MP[-1]
You take 8 damage, and now have 6/52 hp.
You lost 1 mp, and now have 1/18 mp.
Aiming: Necrotise (safe; 1% risk of failure)
Press: ? - help, Q - select action, (/) - cycle Shift-Dir - straight line, f - orc priest, p - Edmund
Aim: an orc priest, wielding a +0 short sword (chance to affect: 83%)
You feel a surge of power!
The orc priest writhes in agony!
Your orc skeleton hits Edmund but does no damage.
The orc priest invokes the aid of Beogh against you.
Beogh smites you!
You die...

Skill      XL: |  1  2  3  4  5  6  7  8 |
---------------+-------------------------+-----
Spellcasting   | 3 4 5 6 7 |  7.2
Necromancy     | 5 6 7 8 |  8.9
Dodging        | |  1.5
Stealth        | |  1.5

Action                     |  1- 3 |  4- 6 |  7- 9 || total
---------------------------+-------+-------+-------++-------
  Melee: Unarmed           |     8 |       |       ||     8
         Dagger            |    12 |    41 |       ||    53
         Punch             |       |     1 |       ||     1
         Mace              |       |     3 |    22 ||    25
   Cast: Necrotise         |    60 |    82 |    54 ||   196
         Vampiric Draining |       |       |    11 ||    11
         Animate Dead      |       |       |     1 ||     1
    Use: Scroll            |     2 |     1 |     3 ||     6
   Stab: Sleeping          |       |     1 |       ||     1
 Armour: Robe              |     6 |     5 |    21 ||    32
  Dodge: Dodged            |    17 |    31 |    52 ||   100

Levels and vault maps discovered:
D:1:      dpeg_arrival_pits, layout_loops_ring, chequers_serial_rivers_micro_b,
          minmay_pentomino_o2
D:2:      layout_loops_corners, nicolae_houndstooth_variations
D:3:      layout_basic, grunt_ministairs_7
D:4:      layout_rooms, general_overflow_altar, lemuel_round_altar,
          lemuel_tele_altar, old_standard_altar, mainiacjoe_overflow_swirl,
          serial_shops, nicolae_square_shop, shop, nicolae_shop_rolling_square,
          nicolae_shop_waterfront, lemuel_flame_loot_1
D:5:      layout_basic
D:6:      layout_gridville, serial_shops, nicolae_shop_dealshenge,
          lightli_church_of_beogh, uniq_menkaure, uniq_blork_the_orc,
          uniq_edmund

Notes
Turn   | Place    | Note
-------+----------+-------------------------------------------
     0 | D:1      | ytrimaz the Mummy Necromancer began the quest for the Orb.
     0 | D:1      | Reached XP level 1. HP: 13/13 MP: 4/4
     0 | D:1      | magus.rc [v1.9.6]
    11 | D:1      | You pick up a book of the Moon and begin reading...
    11 | D:1      | You add the spells Passage of Golubria, Silence and
                  | Lehudib's Crystal Spear to your library.
   280 | D:1      | Reached skill level 3 in Spellcasting
   280 | D:1      | Reached XP level 2. HP: 19/19 MP: 4/6
   986 | D:2      | Gained mutation: You are in touch with the powers of death.
                  | [Mummy growth]
   986 | D:2      | Reached XP level 3. HP: 22/24 MP: 2/7
  1397 | D:2      | Learned a level 3 spell: Vampiric Draining
  1582 | D:2      | Reached skill level 5 in Necromancy
  1582 | D:2      | Reached XP level 4. HP: 27/30 MP: 0/9
  1605 | D:2      | Learned a level 4 spell: Animate Dead
  1692 | D:2      | You fall into a shaft and drop 1 floor!
  1728 | D:3      | Reached skill level 4 in Spellcasting
  2398 | D:3      | Reached XP level 5. HP: 35/35 MP: 4/11
  2747 | D:3      | Noticed a phantom
  2774 | D:3      | HP: 5/35 [phantom (6)]
  2775 | D:3      | Killed a phantom
  2776 | D:3      | Reached skill level 6 in Necromancy
  2998 | D:4      | Found a sacrificial altar of Ru.
  3164 | D:4      | Found Jaaremug's Armour Shoppe.
  3178 | D:4      | Reached XP level 6. HP: 41/41 MP: 7/13
  3181 | D:4      | Reached skill level 5 in Spellcasting
  3380 | D:4      | Found Ekik's Antique Weapon Boutique.
  3388 | D:4      | Bought a brightly glowing mace for 184 gold pieces
  3388 | D:4      | Identified the +11 mace "Japn" {flame, Fragile rPois rN+}
                  | (You bought it in a shop on level 4 of the Dungeon)
  3477 | D:4      | Reached skill level 7 in Necromancy
  3507 | D:4      | Found Cuoledgh's Weapon Boutique.
  3535 | D:4      | Found an opulent altar of Gozag.
  3546 | D:4      | Reached XP level 7. HP: 46/46 MP: 7/15
  3642 | D:4      | Found Bymmarue's Assorted Antiques.
  3690 | D:4      | Bought a scroll of identify for 62 gold pieces
  3791 | D:4      | Found a burning altar of Makhleb.
  3800 | D:4      | Found a bloodstained altar of Trog.
  3995 | D:5      | Entered Level 5 of the Dungeon
  4046 | D:5      | Reached skill level 6 in Spellcasting
  4285 | D:5      | Reached skill level 8 in Necromancy
  5060 | D:6      | HP: 9/46 [bullfrog (7)]
  5062 | D:6      | HP: 3/46 [centaur (3)]
  5064 | D:6      | Reached XP level 8. HP: 4/52 MP: 6/18
  5067 | D:6      | Reached skill level 7 in Spellcasting
  5074 | D:6      | HP: 3/52 [bullfrog (7)]
  5075 | D:6      | HP: 1/52 [bullfrog (2)]
  5258 | D:6      | Found Tuthula's Antique Weapon Emporium.
  5266 | D:6      | Noticed Edmund
  5281 | D:6      | HP: 12/52 [orc priest/+0 short sword (3)]
  5282 | D:6      | Killed from afar by an orc priest

Vanquished Creatures
  A water moccasin (D:5)
  2 black bears (D:4)
  An ogre (D:5)
  A centaur (D:6)
  A phantom (D:3)
  2 bullfrogs (D:6)
  A scorpion (D:5)
  A jelly (D:5)
  3 hounds
  A sleepcap (D:5)
  An iguana (D:4)
  4 orc wizards
  7 adders
  An ufetubus (D:5)
  A worm (D:5)
  23 orcs
  5 ball pythons
  6 endoplasms
  A giant cockroach (D:2)
  9 goblins
  5 hobgoblins
  2 jackals (D:3)
  9 kobolds
  5 quokkas
  4 bats
  3 frilled lizards
  7 rats
107 creatures vanquished.

Vanquished Creatures (collateral kills)
  2 endoplasms
  A quokka (D:5)
  A frilled lizard (D:2)
4 creatures vanquished.

Vanquished Creatures (others)
  A worm (D:4)
  2 orcs (D:4)
3 creatures vanquished.

Grand Total: 114 creatures vanquished

Table legend:
 A = Non-vault XP
 B = Vault XP
 C = Vault XP percentage of total XP
 D = Non-vault monster count
 E = Vault monster count
 F = Vault count percentage of total count
                 A         B        C        D         E       F
            +---------+---------+-------+---------+---------+-------
      Total |    1601 |      49 |   3.0 |     104 |       7 |   6.3
            +---------+---------+-------+---------+---------+-------
        D:1 |      15 |       4 |  21.1 |      10 |       2 |  16.7
        D:2 |      91 |       0 |   0.0 |      26 |       0 |   0.0
        D:3 |     187 |      45 |  19.4 |      20 |       5 |  20.0
        D:4 |     416 |       0 |   0.0 |      25 |       0 |   0.0
        D:5 |     589 |       0 |   0.0 |      16 |       0 |   0.0
        D:6 |     303 |       0 |   0.0 |       7 |       0 |   0.0
            +---------+---------+-------+---------+---------+-------

Skill      XL: |  1  2  3  4  5  6  7  8 |
---------------+-------------------------+-----
Spellcasting   | 3 4 5 6 7 |  7.2
Necromancy     | 5 6 7 8 |  8.9
Dodging        | |  1.5
Stealth        | |  1.5

Action                     |  1- 3 |  4- 6 |  7- 9 || total
---------------------------+-------+-------+-------++-------
  Melee: Unarmed           |     8 |       |       ||     8
         Dagger            |    12 |    41 |       ||    53
         Punch             |       |     1 |       ||     1
         Mace              |       |     3 |    22 ||    25
   Cast: Necrotise         |    60 |    82 |    54 ||   196
         Vampiric Draining |       |       |    11 ||    11
         Animate Dead      |       |       |     1 ||     1
    Use: Scroll            |     2 |     1 |     3 ||     6
   Stab: Sleeping          |       |     1 |       ||     1
 Armour: Robe              |     6 |     5 |    21 ||    32
  Dodge: Dodged            |    17 |    31 |    52 ||   100

Illustrated notes

Table legend:
 A = Kills in this place as a percentage of kills in the entire game.
 B = Kills by you in this place as a percentage of kills by you in the entire game.
 C = Kills by friends in this place as a percentage of kills by friends in the entire game.
 D = Other kills in this place as a percentage of other kills in the entire game.
 E = Experience gained in this place as a percentage of experience gained in the entire game.
 F = Experience gained in this place divided by the number of levels of this place that you have seen.
                   A       B       C       D       E      F
               +-------+-------+-------+-------+-------+----------------------
         Total | 100.0 | 100.0 | 100.0 |   N/A | 100.0 | 275.0
       Dungeon | 100.0 | 100.0 | 100.0 |   N/A | 100.0 | 275.0
               +-------+-------+-------+-------+-------+----------------------

Table legend: (Time is in decaauts)
 A = Elapsed time spent in this place.
 B = Non-inter-level travel time spent in this place.
 C = Inter-level travel time spent in this place.
 D = Time resting spent in this place.
 E = Time spent auto-exploring this place.
 F = Levels seen in this place.
 G = Mean time per level.
                   A        B        C        D        E       F      G
               +--------+--------+--------+--------+--------+-----+--------+
         Total |   5274 |   5130 |    144 |    171 |   4307 |   6 |  879.0 |
       Dungeon |   5274 |   5130 |    144 |    171 |   4307 |   6 |  879.0 |
               +--------+--------+--------+--------+--------+-----+--------+

Top non-repeatable levels by time:
     D:2: 1332 daAuts
     D:5: 1236 daAuts
     D:4: 1000 daAuts
     D:3: 869 daAuts
     D:1: 779 daAuts
     D:6: 57 daAuts
